AoeStats
← DS_Champi WarrioR

Arabia

504642376Analyzed
1v1 RM · 26d ago on Sep 6, 2026· 42m 28s· 2 players
Game mode
Random Map
Map size
Tiny (2 player)
Population
200
Speed
Normal
Resources
Standard
Victory
Conquest
Starting age
Dark Age
Ending age
Imperial Age
RankedLock teamsTeams togetherTeam positionsShared explorationLock speedFull tech treeHidden civsTurbo modeCheats
Victory
Defeat
🇺🇾 Burgundians · Uruguay
2417
+17
🇨🇳 Franks · China
2435
-17
DS_Champi WarrioR
3:34 Double-Bit Axe
6:44 Loom
8:57 Feudal Age
10:07 Horse Collar
14:58 Fletching
16:43 Heavy Plow
17:37 Padded Archer Armor
22:24 Castle Age
23:01 Bodkin Arrow
22:28 Crossbowman
26:53 Wheelbarrow
26:42 Heavy Plow
27:48 Cavalier
28:57 Scale Barding Armor
30:05 Husbandry
31:30 Hand Cart
33:53 Chain Barding Armor
35:13 Gold Mining
35:49 Forging
39:32 Imperial Age
40:36 Iron Casting
39:40 Paladin
40:35 Leather Archer Armor
41:04 Plate Barding Armor
41:51 Conscription
41:57 Pikeman
42:38 Squires
43:39 Blast Furnace
CNZS_Still in Love
7:00 Loom
10:14 Feudal Age
10:14 Man-at-Arms
11:30 Double-Bit Axe
15:26 Town Watch
19:59 Castle Age
18:21 Fletching
20:35 Bodkin Arrow
32:01 Wheelbarrow
35:47 Imperial Age
35:59 Husbandry
36:11 Scale Barding Armor
37:11 Chain Barding Armor
36:18 Cavalier
38:27 Forging
39:47 Plate Barding Armor
Connection lost

Rejoining the realm…

Still unreachable

The connection could not be restored.

Session expired

The server has moved on; the page needs a fresh start.